 Dungeon Crawl Stone Soup version 0.27-a0-277-g024f7ef292 (webtiles) character file.

Game seed: 5774466385821801136

7 marklar909 the Grasshopper (level 1, -1/18 HPs)
             Began as a Palentonga Warper on Feb 7, 2021.
             Slain by a jackal (3 damage)
             ... on level 1 of the Dungeon.
             The game lasted 00:01:37 (329 turns).

marklar909 the Grasshopper (Palentonga Warper)       Turns: 329, Time: 00:01:38

Health: -1/18      AC:  4    Str: 14    XL:     1   Next: 91%
Magic:  3/3        EV:  9    Int: 13    God:
Gold:   40         SH:  0    Dex:  9    Spells: 4/4 levels left

rFire    . . .     SeeInvis +   a - +0 falchion
rCold    . . .     Faith    .   (no shield)
rNeg     . . .     Spirit   .   b - +0 leather armour
rPois    .         Reflect  .   (no helmet)
rElec    .         Harm     .   (no cloak)
rCorr    .         Rampage  .   (no gloves)
Will     .....                  (no barding)
Stlth    +.........             (no amulet)
HPRegen  0.06/turn              (no ring)
MPRegen  0.08/turn              (no ring)

@: no status effects
A: large, rugged brown scales 3, see invisible, deformed body, roll 1, armoured
tail
a: Rolling Charge


You were on level 1 of the Dungeon.
You visited 1 branch of the dungeon, and saw 1 of its levels.

You collected 40 gold pieces.

Inventory:

Hand Weapons
 a - a +0 falchion (weapon)
Missiles
 e - 5 boomerangs of dispersal (quivered)
Armour
 b - a +0 leather armour (worn)
Scrolls
 c - a scroll of remove curse {unknown}
 d - a scroll of blinking
 g - a scroll of amnesia {unknown}
 h - a scroll of magic mapping {unknown}
 i - a scroll of identify {unknown}
Potions
 f - 2 potions of flight {unknown}


   Skills:
 + Level 2.1 Fighting
 + Level 2.3 Long Blades
 + Level 0.6 Throwing
 + Level 1.0 Armour
 + Level 1.5 Dodging
 + Level 2.0 Spellcasting
 + Level 3.0 Translocations


You had 4 spell levels left.
You didn't know any spells.
Your spell library contained the following spells:

 Spells                   Type           Power        Failure   Level
 Blink                    Tloc           N/A          14%         2
 Gell's Gravitas          Tloc           4%           26%         3
 Lesser Beckoning         Tloc           4%           26%         3
 Teleport Other           Tloc           9%           26%         3
 Passage of Golubria      Tloc           N/A          65%         4


Dungeon Overview and Level Annotations

Branches:
Dungeon (1/15)

Altars:


Innate Abilities, Weirdness & Mutations

You are completely covered in rugged brown scales. (AC +3, +7% HP)
You have supernaturally acute eyesight. (SInv)
Armour fits poorly on your strangely shaped body.
You can roll at nearby foes to attack.
You have a long armoured tail.


Message History

You hit the jackal but do no damage. You tail-slap the jackal.
You kill the jackal!
The jackal closely misses you.
You barely miss the jackal. The jackal bites you.
You closely miss the jackal. The jackal bites you. x2
* * * LOW HITPOINT WARNING * * *
You hit the jackal but do no damage.
The jackal bites you but does no damage.
The jackal closely misses you.
You riposte.
You barely miss the jackal. You hit the jackal but do no damage.
The jackal bites you.
* * * LOW HITPOINT WARNING * * *
You barely miss the jackal. The jackal bites you.
* * * LOW HITPOINT WARNING * * *
The jackal bites you.
* * * LOW HITPOINT WARNING * * *
The jackal barely misses you. The jackal barely misses you.
You riposte.
You closely miss the jackal.
The jackal bites you but does no damage.
You hit the jackal but do no damage. The jackal bites you.
You die...

### #######..
############........
#..@hhh...†....†....
#..#########.#####.#
#.. #####.#####.#
#.. #............
#.. #.###.#####..
#..#####.###.# #..
#............#####..
#.# #..............
#..>....######.


You could see 3 jackals.

Vanquished Creatures
  A leopard gecko (D:1)
  A hobgoblin (D:1)
  2 jackals (D:1)
  2 frilled lizards (D:1)
6 creatures vanquished.

Notes
Turn   | Place    | Note
-------+----------+-------------------------------------------
     0 | D:1      | marklar909 the Palentonga Warper began the quest for the
                  | Orb.
     0 | D:1      | Reached XP level 1. HP: 18/18 MP: 3/3
   314 | D:1      | Reached skill level 1 in Armour
   329 | D:1      | Slain by a jackal

Illustrated notes

Levels and vault maps discovered:
D:1:      minmay_arrival_jagged, layout_loops_ring

Skill      XL: |  1 |
---------------+----+-----
Armour         | 1 |  1.0
Fighting       | |  2.1
Long Blades    | |  2.3
Throwing       | |  0.6
Dodging        | |  1.5
Spellcasting   | |  2.0
Translocations | |  3.0

Action                   || total
-------------------------++-------
Melee: Falchion          ||    32
       Tailslap          ||     2
Armor: Leather armour    ||    10
Dodge: Dodged            ||    18
       Rpst.: Falchion   ||     5

Table legend: (Time is in decaauts)
 A = Elapsed time spent in this place.
 B = Non-inter-level travel time spent in this place.
 C = Inter-level travel time spent in this place.
 D = Time resting spent in this place.
 E = Time spent auto-exploring this place.
 F = Levels seen in this place.
 G = Mean time per level.
                   A        B        C        D        E       F      G
               +--------+--------+--------+--------+--------+-----+--------+
         Total |    334 |    334 |      0 |     58 |    204 |   1 |  334.0 |
       Dungeon |    334 |    334 |      0 |     58 |    204 |   1 |  334.0 |
               +--------+--------+--------+--------+--------+-----+--------+

Top non-repeatable levels by time:
     D:1: 334 daAuts
